[ PARTIDA AOE2 · #495284471 ]
UnrankedTupíes vs Magyars
Equipo del jugador · VICT
Equipo rival · DERR
[ ANÁLISIS DE REPETICIÓN · EXTRAÍDO DE LA PARTIDA GRABADA ]
Feudal
8:51
Castillos
20:59
Imperial
—
| APM promedio | 78.9 |
| APM pico | 112 |
| eAPM promedio | 42.5 |
| Aldeanos / militares | 43 / 19 |
Foco
⚔️ 39.2% · 🌾 60.8%
Archer ×15 · Spearman ×4
Feudal
9:23
Castillos
—
Imperial
—
| APM promedio | 29.3 |
| APM pico | 72 |
| eAPM promedio | 13.1 |
| Aldeanos / militares | 41 / 19 |
Foco
⚔️ 30.4% · 🌾 69.6%
Skirmisher ×14 · Scout Cavalry ×5
Mapa de la partida
Recursos iniciales + cada clic de construcción. Líneas = muros · curvas = relieve. ◆ oro · ⬟ piedra · ● bayas · ✦ reliquia · ◌ hueco del cierre
Tu base· ✓ Cerrada en 20:59 · 62t muro · 1 puerta(s)
Base de Tumlook· ✓ Cerrada en 21:27 · 33t muro · 1 puerta(s)
Terreno inicial suavizado · ◌ = hueco del cierre detectado · pasá el cursor para detalles
Inputs por minuto
— MO - - Tumlook
Build order — MO
139 acciones detectadas en el replay
| 0:00 | Crear | Villager (Male) |
| 0:01 | Crear | Villager (Male) |
| 0:01 | Crear | Villager (Male) |
| 0:02 | Construir | House |
| 0:04 | Construir | House |
| 0:24 | Crear | Villager (Male) |
| 1:10 | Crear | Villager (Male) |
| 1:30 | Crear | Villager (Male) |
| 2:05 | Construir | Settlement |
| 2:13 | Crear | Villager (Male) |
| 2:39 | Crear | Villager (Male) |
| 3:00 | Crear | Villager (Male) |
| 3:13 | Construir | Palisade Wall |
| 3:25 | Crear | Villager (Male) |
| 3:58 | Crear | Villager (Male) |
| 4:06 | Crear | Villager (Male) |
| 4:06 | Crear | Villager (Male) |
| 4:10 | Crear | Villager (Male) |
| 5:26 | Crear | Villager (Male) |
| 5:39 | Crear | Villager (Male) |
| 5:40 | Investigar | Loom |
| 5:43 | Crear | Villager (Male) |
| 6:26 | Investigar | Feudal Age |
| 6:26 | Investigar | Feudal Age |
| 6:27 | Investigar | Loom |
| 7:19 | Construir | House |
| 7:45 | Construir | Barracks |
| 8:37 | Crear | Villager (Male) |
| 8:51 | Edad | Edad Feudal |
| 8:53 | Construir | Archery Range |
| 8:55 | Construir | Palisade Wall |
| 8:57 | Investigar | Horse Collar |
| 8:58 | Investigar | Double-Bit Axe |
| 9:00 | Crear | Villager (Male) |
| 9:08 | Construir | Settlement |
| 9:23 | Crear | Spearman |
| 9:34 | Crear | Archer |
| 9:44 | Crear | Archer |
| 9:45 | Crear | Villager (Male) |
| 9:52 | Construir | Palisade Gate |
| 9:58 | Construir | Farm |
| 10:27 | Crear | Villager (Male) |
| 10:32 | Construir | Blacksmith |
| 10:38 | Crear | Villager (Male) |
| 10:43 | Crear | Archer |
| 10:44 | Crear | Archer |
| 11:00 | Crear | Villager (Male) |
| 11:03 | Crear | Spearman |
| 11:04 | Crear | Spearman |
| 11:08 | Construir | House |
| 11:09 | Construir | Palisade Wall |
| 11:12 | Construir | House |
| 11:13 | Construir | Palisade Wall |
| 11:20 | Crear | Villager (Male) |
| 11:29 | Investigar | Fletching |
| 11:32 | Construir | Palisade Wall |
| 11:33 | Construir | Palisade Wall |
| 11:35 | Construir | Palisade Wall |
| 11:39 | Construir | Palisade Wall |
| 11:41 | Crear | Archer |
| 11:45 | Construir | House |
| 11:48 | Crear | Villager (Male) |
| 11:57 | Crear | Villager (Male) |
| 12:03 | Construir | House |
| 12:07 | Construir | Palisade Wall |
| 12:22 | Construir | Settlement |
| 12:23 | Crear | Villager (Male) |
| 12:27 | Crear | Archer |
| 12:27 | Crear | Archer |
| 12:46 | Construir | House |
| 12:52 | Crear | Villager (Male) |
| 13:01 | Construir | Farm |
| 13:02 | Construir | Farm |
| 13:06 | Construir | Palisade Wall |
| 13:22 | Crear | Villager (Male) |
| 13:22 | Crear | Archer |
| 13:25 | Crear | Spearman |
| 13:27 | Construir | Farm |
| 13:45 | Crear | Villager (Male) |
| 13:57 | Construir | Farm |
| 13:57 | Construir | Farm |
| 14:02 | Crear | Archer |
| 14:14 | Construir | Farm |
| 14:15 | Crear | Villager (Male) |
| 14:24 | Crear | Archer |
| 14:31 | Crear | Villager (Male) |
| 14:57 | Crear | Villager (Male) |
| 15:13 | Crear | Villager (Male) |
| 15:16 | Construir | Market |
| 15:18 | Construir | House |
| 15:20 | Crear | Archer |
| 15:25 | Construir | Farm |
| 15:37 | Construir | Farm |
| 15:47 | Crear | Villager (Male) |
| 15:52 | Investigar | Horse Collar |
| 15:52 | Investigar | Horse Collar |
| 16:15 | Crear | Archer |
| 16:17 | Crear | Villager (Male) |
| 16:38 | Construir | House |
| 16:40 | Construir | Palisade Gate |
| 16:41 | Construir | Palisade Wall |
| 16:47 | Crear | Villager (Male) |
| 16:51 | Crear | Archer |
| 17:07 | Construir | Farm |
| 17:09 | Crear | Villager (Male) |
| 17:20 | Crear | Archer |
| 17:42 | Crear | Villager (Male) |
| 17:44 | Construir | House |
| 17:46 | Construir | Palisade Wall |
| 18:02 | Construir | House |
| 18:19 | Investigar | Castle Age |
| 18:22 | Construir | Palisade Wall |
| 18:27 | Construir | House |
| 18:29 | Construir | Palisade Wall |
| 18:29 | Construir | Palisade Wall |
| 18:33 | Investigar | Stone Mining |
| 18:34 | Investigar | Stone Mining |
| 18:37 | Construir | Palisade Wall |
| 19:13 | Construir | Farm |
| 19:18 | Construir | Palisade Wall |
| 19:27 | Investigar | Padded Archer Armor |
| 19:41 | Crear | Archer |
| 19:55 | Construir | House |
| 19:57 | Construir | Palisade Wall |
| 20:18 | Construir | Palisade Wall |
| 20:20 | Construir | Palisade Wall |
| 20:22 | Construir | Palisade Wall |
| 20:30 | Construir | Settlement |
| 20:42 | Crear | Villager (Male) |
| 20:59 | Edad | Edad de los Castillos |
| 21:00 | Construir | House |
| 21:04 | Investigar | Bodkin Arrow |
| 21:04 | Investigar | Bodkin Arrow |
| 21:10 | Crear | Villager (Male) |
| 21:16 | Investigar | Crossbowman (upgrade) |
| 21:16 | Investigar | Crossbowman (upgrade) |
| 21:20 | Investigar | Bow Saw |
| 21:26 | Crear | Villager (Male) |
| 21:50 | Crear | Villager (Male) |
Build order — Tumlook
119 acciones detectadas en el replay
| 0:01 | Crear | Villager (Male) |
| 0:01 | Crear | Villager (Male) |
| 0:01 | Crear | Villager (Male) |
| 0:02 | Construir | House |
| 0:04 | Construir | House |
| 0:28 | Crear | Villager (Male) |
| 1:25 | Crear | Villager (Male) |
| 1:57 | Crear | Villager (Male) |
| 2:06 | Construir | Lumber Camp |
| 2:25 | Crear | Villager (Male) |
| 2:58 | Crear | Villager (Male) |
| 3:15 | Crear | Villager (Male) |
| 3:40 | Crear | Villager (Male) |
| 4:11 | Construir | House |
| 4:13 | Crear | Villager (Male) |
| 4:14 | Crear | Villager (Male) |
| 4:23 | Construir | Mill |
| 5:08 | Crear | Villager (Male) |
| 5:08 | Crear | Villager (Male) |
| 5:09 | Crear | Villager (Male) |
| 5:34 | Crear | Villager (Male) |
| 6:22 | Investigar | Loom |
| 7:07 | Investigar | Feudal Age |
| 7:31 | Construir | Mill |
| 8:10 | Construir | Barracks |
| 8:30 | Construir | House |
| 8:45 | Crear | Villager (Male) |
| 9:06 | Crear | Villager (Male) |
| 9:13 | Construir | House |
| 9:23 | Edad | Edad Feudal |
| 9:26 | Construir | Stable |
| 9:28 | Crear | Villager (Male) |
| 9:38 | Crear | Villager (Male) |
| 9:45 | Investigar | Double-Bit Axe |
| 9:46 | Investigar | Horse Collar |
| 10:08 | Crear | Scout Cavalry |
| 10:18 | Construir | Farm |
| 10:20 | Construir | Farm |
| 10:24 | Construir | House |
| 10:36 | Crear | Villager (Male) |
| 10:41 | Crear | Scout Cavalry |
| 10:46 | Construir | Palisade Gate |
| 10:49 | Construir | House |
| 10:54 | Construir | Palisade Wall |
| 10:55 | Construir | Palisade Wall |
| 11:00 | Crear | Villager (Male) |
| 11:03 | Construir | Farm |
| 11:08 | Construir | Farm |
| 11:30 | Crear | Villager (Male) |
| 11:39 | Construir | Farm |
| 11:58 | Crear | Villager (Male) |
| 12:13 | Crear | Villager (Male) |
| 12:16 | Construir | Archery Range |
| 12:20 | Crear | Villager (Male) |
| 12:24 | Construir | Farm |
| 12:35 | Construir | Palisade Wall |
| 12:38 | Construir | Palisade Wall |
| 12:41 | Crear | Scout Cavalry |
| 12:42 | Crear | Villager (Male) |
| 12:52 | Crear | Scout Cavalry |
| 12:57 | Construir | House |
| 12:59 | Construir | House |
| 13:02 | Construir | House |
| 13:28 | Crear | Scout Cavalry |
| 13:54 | Crear | Villager (Male) |
| 13:58 | Crear | Skirmisher |
| 14:01 | Construir | Farm |
| 14:02 | Construir | Farm |
| 14:12 | Construir | House |
| 14:14 | Construir | House |
| 14:17 | Crear | Skirmisher |
| 14:32 | Crear | Villager (Male) |
| 15:09 | Crear | Skirmisher |
| 15:09 | Crear | Skirmisher |
| 15:12 | Crear | Villager (Male) |
| 15:12 | Crear | Villager (Male) |
| 15:16 | Construir | House |
| 15:18 | Construir | House |
| 15:23 | Construir | House |
| 15:24 | Crear | Villager (Male) |
| 15:35 | Crear | Skirmisher |
| 15:41 | Construir | Blacksmith |
| 15:42 | Crear | Villager (Male) |
| 15:45 | Construir | Farm |
| 15:47 | Construir | Farm |
| 15:57 | Construir | Farm |
| 16:09 | Crear | Villager (Male) |
| 16:11 | Crear | Skirmisher |
| 16:21 | Crear | Villager (Male) |
| 16:27 | Construir | Farm |
| 16:35 | Crear | Skirmisher |
| 16:40 | Construir | Palisade Gate |
| 16:43 | Construir | Palisade Wall |
| 16:52 | Crear | Villager (Male) |
| 17:06 | Crear | Villager (Male) |
| 17:09 | Construir | Farm |
| 17:25 | Construir | Mining Camp |
| 17:43 | Crear | Skirmisher |
| 17:45 | Investigar | Fletching |
| 18:07 | Construir | House |
| 18:11 | Crear | Villager (Male) |
| 18:12 | Crear | Skirmisher |
| 18:16 | Crear | Villager (Male) |
| 18:25 | Construir | Farm |
| 18:30 | Investigar | Padded Archer Armor |
| 18:33 | Crear | Skirmisher |
| 18:44 | Investigar | Padded Archer Armor |
| 18:52 | Construir | Farm |
| 18:56 | Investigar | Wheelbarrow |
| 19:25 | Crear | Villager (Male) |
| 19:35 | Crear | Villager (Male) |
| 20:06 | Construir | Market |
| 20:25 | Construir | Market |
| 20:31 | Crear | Skirmisher |
| 20:31 | Crear | Skirmisher |
| 20:41 | Crear | Skirmisher |
| 21:14 | Crear | Skirmisher |
| 21:27 | Investigar | Castle Age |
| 21:39 | Construir | Palisade Gate |
Cronología de la partida
| 3:13 | MO · wall_segment Palisade Wall x1 |
| 7:45 | MO · first_building Barracks |
| 8:10 | Tumlook · first_building Barracks |
| 8:51 | MO · age_up feudal |
| 8:53 | MO · first_building Archery Range |
| 8:55 | MO · wall_segment Palisade Wall x1 |
| 9:23 | Tumlook · age_up feudal |
| 9:26 | Tumlook · first_building Stable |
| 10:54 | Tumlook · wall_segment Palisade Wall x1 |
| 10:55 | Tumlook · wall_segment Palisade Wall x1 |
| 11:09 | MO · wall_segment Palisade Wall x1 |
| 11:13 | MO · wall_segment Palisade Wall x1 |
| 11:32 | MO · wall_segment Palisade Wall x1 |
| 11:33 | MO · wall_segment Palisade Wall x1 |
| 11:35 | MO · wall_segment Palisade Wall x1 |
| 11:39 | MO · wall_segment Palisade Wall x1 |
| 12:07 | MO · wall_segment Palisade Wall x1 |
| 12:16 | Tumlook · first_building Archery Range |
| 12:35 | Tumlook · wall_segment Palisade Wall x6 |
| 12:38 | Tumlook · wall_segment Palisade Wall x11 |
| 13:06 | MO · wall_segment Palisade Wall x3 |
| 16:26 | MO · first_market_buy 500 food |
| 16:26 | MO · first_market_sell 500 wood |
| 16:41 | MO · wall_segment Palisade Wall x13 |
| 16:43 | Tumlook · wall_segment Palisade Wall x14 |
| 17:46 | MO · wall_segment Palisade Wall x10 |
| 18:22 | MO · wall_segment Palisade Wall x10 |
| 18:29 | MO · wall_segment Palisade Wall x1 |
| 18:29 | MO · wall_segment Palisade Wall x1 |
| 18:37 | MO · wall_segment Palisade Wall x7 |
| 19:18 | MO · wall_segment Palisade Wall x7 |
| 19:57 | MO · wall_segment Palisade Wall x5 |
| 20:18 | MO · wall_segment Palisade Wall x1 |
| 20:20 | MO · wall_segment Palisade Wall x1 |
| 20:22 | MO · wall_segment Palisade Wall x1 |
| 20:59 | MO · age_up castle |
| 22:07 | Tumlook · resign |
[ ANÁLISIS IA · 1 CRÉDITO ]
¿Qué pasó realmente en esta partida?
Wolo.gg analiza cada decisión: build order, eco, micro, errores típicos por bracket. Análisis personalizado por WhatsApp o Discord en 30 segundos.
Guía civ
Tupíes
Perfil
MO